 Dungeon Crawl Stone Soup version 0.30-a0-782-ge64f9170bb (webtiles) character file.

Game seed: 10917557378816244747

7 112233 the Ducker (level 1, 0/10 HPs)
             Began as a Felid Fighter on Feb 28, 2023.
             Slain by a jackal (3 damage)
             ... on level 1 of the Dungeon.
             The game lasted 00:00:05 (165 turns).

112233 the Ducker (Felid Fighter)                    Turns: 165, Time: 00:00:06

Health: 0/10       AC:  1    Str: 12    XL:     1   Next: 91%
Magic:  2/2        EV: 18    Int:  9    God:
Gold:   21         SH:  0    Dex: 15    Spells: 0/0 levels left
                                        Lives:  0   Deaths: 0

rFire   . . .      SeeInvis +      - Unarmed
rCold   . . .      Faith    .    (shield unavailable)
rNeg    . . .      Spirit   .    (body armour unavailable)
rPois   .          Reflect  .    (helmet unavailable)
rElec   .          Harm     .    (cloak unavailable)
rCorr   .          Rampage  .    (gloves unavailable)
Will    .....                    (boots unavailable)
Stlth   +                        (no amulet)
HPRegen 0.21/turn                (no ring)
MPRegen 0.08/turn                (no ring)

@: quick
A: very small, claws 1, fangs 3, see invisible, speed 1, shaggy fur 1, stealthy
paws, no weapons or thrown items, no armour, multi-lived
a: no special abilities


You were on level 1 of the Dungeon.
You visited 1 branch of the dungeon, and saw 1 of its levels.

You collected 21 gold pieces.

Inventory:

Scrolls
 b - 3 scrolls of immolation {unknown}
 c - a scroll of teleportation {unknown}
Potions
 a - a potion of might


   Skills:
 + Level 3.1 Fighting
 + Level 4.2 Dodging
 + Level 4.1 Unarmed Combat


You couldn't memorise any spells.
You didn't know any spells.
Your spell library was empty.

Dungeon Overview and Level Annotations

Branches:
Dungeon (1/15)

Altars:


Innate Abilities, Weirdness & Mutations

You have sharp claws.
You have razor-sharp teeth.
You have supernaturally acute eyesight. (SInv)
You cover ground quickly. (Speed+)
You are covered in fur. (AC +1)
Your paws help you pounce on unaware monsters.
You are incapable of wielding weapons or throwing items.
You cannot wear armour.
You gain extra lives every three experience levels.


Message History

As you open the door, it creaks loudly!
A ball python comes into view.
The ball python hisses angrily.
Found 16 gold pieces.
There is an open door here.
A ball python is nearby!
You claw the ball python!
You kill the ball python!
You see here a ball python corpse.
You now have 21 gold pieces (gained 16).
You open the door.
There is an open door here. 4 jackals come into view.
The jackal barks! x2; You hear an angry hiss.
There are monsters nearby!
There are monsters nearby!
There are monsters nearby!
You closely miss the jackal.
A frilled lizard comes into view.
There are monsters nearby!
There are monsters nearby!
You barely miss the jackal. The jackal misses you.
The jackal barely misses you.
There are monsters nearby!
The jackal barks!
You scratch the jackal but do no damage.
Your claw misses the jackal. You bite the jackal, but do no damage.
The jackal bites you. x2; The jackal misses you.
There are monsters nearby!
You scratch the jackal.
The jackal is severely wounded.
The jackal bites you. The jackal closely misses you. x2
A hobgoblin comes into view.
There are monsters nearby!
You are too injured to fight recklessly!
You are too injured to fight recklessly!
The jackal bites you.
* * * LOW HITPOINT WARNING * * *
The jackal closely misses you. The jackal bites you.
You die...

#..#.♣..P...PP♣.#.#
..##.♣PP.<.P..♣.#.#
..##.♣P...PP..♣...#
..##.♣...P..PP♣..##
#>.#.♣..PP..PP♣..#
#..#..♣♣♣♣♣♣♣♣♣.##
#...............#
..............#########
########........@.....#
########.#####.hh####.#
#........# ###h#
#.######## #h.. #)#
###..# #.# #l.. #.#
#..# #.# #.. #.# .g


You could see 4 jackals.

Vanquished Creatures
  3 ball pythons (D:1)
  An endoplasm (D:1)
  A bat (D:1)
  2 kobolds (D:1)
7 creatures vanquished.

Notes
Turn   | Place    | Note
-------+----------+-------------------------------------------
     0 | D:1      | 112233 the Felid Fighter began the quest for the Orb.
     0 | D:1      | Reached XP level 1. HP: 10/10 MP: 2/2
   165 | D:1      | Slain by a jackal

Illustrated notes

Levels and vault maps discovered:
D:1:      scummos_arrival_checkerplants, layout_basic,
          shapermc_ecumenical_altar_petra

Action                     || total
---------------------------++-------
  Melee: Unarmed           ||    15
         Bite              ||     2
         Punch             ||     1
   Stab: Sleeping          ||     1
  Dodge: Dodged            ||    16

Table legend: (Time is in decaauts)
 A = Elapsed time spent in this place.
 B = Non-inter-level travel time spent in this place.
 C = Inter-level travel time spent in this place.
 D = Time resting spent in this place.
 E = Time spent auto-exploring this place.
 F = Levels seen in this place.
 G = Mean time per level.
                   A        B        C        D        E       F      G
               +--------+--------+--------+--------+--------+-----+--------+
         Total |    137 |    137 |      0 |      0 |    104 |   1 |  137.0 |
       Dungeon |    137 |    137 |      0 |      0 |    104 |   1 |  137.0 |
               +--------+--------+--------+--------+--------+-----+--------+

Top non-repeatable levels by time:
     D:1: 137 daAuts
